 Dungeon Crawl Stone Soup version 0.27-a0-1136-g0b992a5a9d (webtiles) character file.

Game seed: 2287164220699766442

80 voltaire321 the Poker (level 4, -1/35 HPs)
             Began as a Merfolk Gladiator on May 5, 2021.
             Slain by a steam dragon (6 damage)
             ... on level 3 of the Dungeon.
             The game lasted 00:07:18 (2114 turns).

voltaire321 the Poker (Merfolk Gladiator)           Turns: 2114, Time: 00:07:18

Health: -1/35      AC:  7    Str: 14    XL:     4   Next: 39%
Magic:  4/4        EV: 12    Int:  8    God:
Gold:   78         SH:  0    Dex: 15    Spells: 3/3 levels left

rFire    . . .     SeeInvis .   a - +1 trident (freeze)
rCold    . . .     Faith    .   (no shield)
rNeg     + . .     Spirit   .   g - +0 ring mail
rPois    .         Reflect  .   c - +1 helmet
rElec    .         Harm     .   (no cloak)
rCorr    .         Rampage  .   (no gloves)
Will     .....                  (no boots)
Stlth    +.........             (no amulet)
HPRegen  0.11/turn              i - ring of positive energy
MPRegen  0.09/turn              (no ring)

@: no status effects
A: (nimble swimmer 2), mertail
a: no special abilities


You were on level 3 of the Dungeon.
You visited 1 branch of the dungeon, and saw 3 of its levels.

You collected 78 gold pieces.

Inventory:

Hand Weapons
 a - a +1 trident of freezing (weapon)
Missiles
 d - 3 throwing nets (quivered)
 f - 4 boomerangs
 h - 13 poisoned darts
 k - 3 silver boomerangs
Armour
 c - a +1 helmet (worn)
 g - a +0 ring mail (worn)
Jewellery
 i - a ring of positive energy (left hand)
Potions
 e - 2 potions of ambrosia
 j - a potion of curing


   Skills:
 + Level 3.0 Fighting
 + Level 5.1 Polearms
 + Level 2.7 Throwing
 + Level 0.9 Armour
 + Level 4.6 Dodging


You had 3 spell levels left.
You didn't know any spells.
Your spell library contained the following spells:

 Spells                   Type           Power      Damage    Failure   Level
 Animate Skeleton         Necr           0%         N/A       65%         1
 Apportation              Tloc           0%         N/A       65%         1
 Corona                   Hex            0%         N/A       65%         1
 Freeze                   Ice            0%         1d3       65%         1
 Magic Dart               Conj           0%         1d3       65%         1
 Summon Small Mammal      Summ           0%         N/A       65%         1
 Blink                    Tloc           N/A        N/A       80%         2
 Call Imp                 Summ           0%         N/A       80%         2
 Slow                     Hex            0%         N/A       80%         2
 Conjure Flame            Conj/Fire      0%         6-21      95%         3
 Frozen Ramparts          Ice            0%         1d2       95%         3
 Mephitic Cloud           Conj/Pois/Air  0%         N/A       95%         3
 Ozocubu's Armour         Ice            0%         N/A       95%         3
 Hailstorm                Conj/Ice       0%         3d3       100%        4
 Metabolic Englaciation   Hex/Ice        0%         N/A       100%        5


Dungeon Overview and Level Annotations

Branches:
Dungeon (3/15)

Altars:


Innate Abilities, Weirdness & Mutations

((You are quick and stealthy near water. (Stealth+, EV+, Speed+++)))
Your lower body shifts to a powerful aquatic tail in water.


Message History

A kobold comes into view. It is wielding a +0 short sword.
The kobold shouts!
The kobold throws a stone.
The stone barely misses you.
You reach to attack!
You hit the kobold. You freeze the kobold.
The kobold is severely wounded.
You closely miss the kobold.
The kobold is severely wounded.
The kobold closely misses you.
You hit the kobold but do no damage.
The kobold is severely wounded.
The kobold barely misses you.
You hit the kobold. You freeze the kobold.
You kill the kobold!
Things that are here:
a +0 short sword; 2 stones; a kobold corpse You now have 78 gold pieces (gained 18).
Things that are here:
a +0 short sword; 2 stones; a kobold corpse A steam dragon comes into view.
You reach to attack!
You hit the steam dragon but do no damage.
The steam dragon breathes steam at you. The ball of steam hits you!
You are engulfed in a cloud of scalding steam.
The steam dragon bites you.
The steam dragon claws you but does no damage.
You are engulfed in a cloud of scalding steam.
The steam dragon barely misses you. The steam dragon claws you.
You hit the steam dragon but do no damage.
You are engulfed in a cloud of scalding steam.
* * * LOW HITPOINT WARNING * * *
A ball python comes into view.
The steam dragon breathes steam at you. The ball of steam misses you.
The ball python hisses angrily.
You closely miss the steam dragon.
You are engulfed in a cloud of scalding steam.
* * * LOW HITPOINT WARNING * * *
The steam dragon bites you.
You die...

####### ###......
##.#.#.#.# #....)....
######### ##.##+##.#
#...D@§§# #..#...#[.
#.###§#§######.+...'.#
#§§........#...#..
#.#§.....#.##+##†#
.S.#######.........
#.#### ##.#.#.#.# #
###.#.### #.#.##.
#.#....


You could see a steam dragon (catching breath).

Vanquished Creatures
  An adder (D:2)
  A worm (D:2)
  2 dart slugs
  An orc (D:3)
  6 bats
  5 endoplasms
  2 giant cockroaches
  3 goblins
  2 hobgoblins (D:2)
  14 jackals
  2 kobolds
  6 ball pythons
  4 frilled lizards
  10 rats
59 creatures vanquished.

Notes
Turn   | Place    | Note
-------+----------+-------------------------------------------
     0 | D:1      | voltaire321 the Merfolk Gladiator began the quest for the
                  | Orb.
     0 | D:1      | Reached XP level 1. HP: 16/16 MP: 1/1
   105 | D:1      | Reached XP level 2. HP: 23/23 MP: 2/2
   634 | D:1      | Reached XP level 3. HP: 28/28 MP: 3/3
  1151 | D:1      | Found a faded altar of an unknown god.
  1658 | D:2      | Reached skill level 5 in Polearms
  1691 | D:2      | Reached XP level 4. HP: 34/34 MP: 4/4
  2108 | D:3      | Noticed a steam dragon
  2114 | D:3      | Slain by a steam dragon

Illustrated notes

Levels and vault maps discovered:
D:1:      dpeg_arrival_leaves_temple_mockup, layout_loops_ring,
          ebering_ecumenical_altar_hall
D:2:      layout_basic, minmay_close_crescents
D:3:      layout_loops_ring, tgw_fedhas, minmay_misc_feat_doors, st_stairs_5

Skill      XL: |  1  2  3  4 |
---------------+-------------+-----
Polearms       | 5 |  5.1
Fighting       | 3 |  3.0
Throwing       | |  2.7
Armour         | |  0.9
Dodging        | |  4.6

Action                   |  1- 3 |  4- 6 || total
-------------------------+-------+-------++-------
Melee: Trident           |   121 |    38 ||   159
  Use: Scroll            |       |     8 ||     8
 Stab: Sleeping          |     1 |       ||     1
Armor: Leather armour    |     8 |       ||     8
       Ring mail         |    18 |    10 ||    28
Dodge: Dodged            |    57 |    20 ||    77

Table legend: (Time is in decaauts)
 A = Elapsed time spent in this place.
 B = Non-inter-level travel time spent in this place.
 C = Inter-level travel time spent in this place.
 D = Time resting spent in this place.
 E = Time spent auto-exploring this place.
 F = Levels seen in this place.
 G = Mean time per level.
                   A        B        C        D        E       F      G
               +--------+--------+--------+--------+--------+-----+--------+
         Total |   2123 |   2104 |     19 |    439 |   1160 |   3 |  707.7 |
       Dungeon |   2123 |   2104 |     19 |    439 |   1160 |   3 |  707.7 |
               +--------+--------+--------+--------+--------+-----+--------+

Top non-repeatable levels by time:
     D:1: 1270 daAuts
     D:2: 719 daAuts
     D:3: 134 daAuts
